[ AOE2 MATCH · #513728484 ]
UnrankedByzantines vs Georgians
Rival team · LOSS
[ REPLAY ANALYSIS · EXTRACTED FROM THE RECORDED GAME ]
Feudal
9:30
Castle
24:59
Imperial
—
| APM avg | 35.2 |
| APM peak | 68 |
| eAPM avg | 17.6 |
| Villagers / military | 46 / 14 |
Focus
⚔️ 22.4% · 🌾 77.6%
Unknown (2703) ×10 · Archer ×6 · Mangonel ×3 · Skirmisher ×2 · Militia ×1 · Spearman ×1
Feudal
—
Castle
—
Imperial
—
| APM avg | 22.5 |
| APM peak | 49 |
| eAPM avg | 13.3 |
| Villagers / military | 65 / 0 |
Focus
⚔️ 26.3% · 🌾 73.7%
Match map
Initial resources + every placement click. Lines = walls · curves = elevation contours. ◆ gold · ⬟ stone · ● berries · ✦ relic · ◌ wall gap
Your base· Open — 4t gap
PoopMaster's base· Open — unwalled flank
Smoothed initial terrain · ◌ = detected wall gap · hover for details
Inputs per minute
— leonardoandrade534312 - - PoopMaster
Build order — leonardoandrade534312
136 actions detected in the replay
| 0:01 | queue | Villager (Male) ×4 |
| 0:02 | Build | House |
| 0:03 | Build | House |
| 1:35 | queue | Villager (Male) |
| 1:56 | Build | Lumber Camp |
| 2:09 | queue | Villager (Male) |
| 2:21 | queue | Villager (Male) |
| 2:49 | queue | Villager (Male) |
| 3:11 | queue | Villager (Male) |
| 3:25 | Build | House |
| 3:26 | Build | Palisade Wall |
| 3:40 | queue | Villager (Male) |
| 4:05 | queue | Villager (Male) |
| 4:05 | queue | Villager (Male) |
| 4:27 | Build | Mill |
| 4:50 | queue | Villager (Male) |
| 4:50 | queue | Villager (Male) |
| 5:03 | queue | Villager (Male) |
| 5:31 | queue | Villager (Male) |
| 5:32 | queue | Villager (Male) |
| 5:33 | Research | Loom |
| 7:15 | Research | Feudal Age |
| 7:20 | Build | Barracks |
| 7:35 | Build | House |
| 7:48 | Build | Farm |
| 8:25 | Build | Palisade Wall |
| 8:28 | Build | Palisade Wall |
| 9:09 | Build | House |
| 9:30 | Age | Feudal Age |
| 9:31 | Research | Double-Bit Axe |
| 9:32 | queue | Villager (Male) |
| 9:34 | Build | Archery Range |
| 9:36 | queue | Spearman |
| 9:44 | queue | Villager (Male) |
| 9:48 | Build | Palisade Wall |
| 9:49 | Build | Palisade Wall |
| 9:51 | Build | Palisade Wall |
| 9:52 | Build | Palisade Wall |
| 9:56 | Build | Palisade Wall |
| 9:58 | Build | Palisade Wall |
| 10:25 | queue | Villager (Male) |
| 10:29 | queue | Archer |
| 10:36 | Build | Market |
| 10:44 | Build | House |
| 10:52 | queue | Villager (Male) |
| 11:32 | Build | Town Center |
| 11:39 | queue | Skirmisher |
| 11:50 | Build | Palisade Wall |
| 11:51 | Build | Palisade Wall |
| 12:11 | queue | Skirmisher |
| 12:18 | Build | House |
| 12:23 | Build | House |
| 12:35 | Build | Palisade Wall |
| 12:36 | Build | Palisade Wall |
| 12:57 | queue | Archer |
| 13:32 | queue | Villager (Male) |
| 13:34 | Build | Farm |
| 13:34 | Build | Farm |
| 13:34 | Build | Farm |
| 13:48 | Build | House |
| 13:57 | queue | Archer |
| 13:57 | queue | Archer |
| 14:05 | queue | Villager (Male) |
| 14:05 | queue | Villager (Male) |
| 14:26 | queue | Villager (Male) |
| 14:40 | queue | Villager (Male) |
| 14:51 | queue | Villager (Male) |
| 14:55 | Build | Mining Camp |
| 15:18 | queue | Villager (Male) |
| 15:26 | Build | Farm |
| 15:27 | Build | Farm |
| 15:27 | Build | Farm |
| 16:05 | queue | Villager (Male) |
| 16:12 | Build | Farm |
| 16:12 | Build | Farm |
| 16:20 | queue | Archer |
| 16:26 | Build | Mining Camp |
| 16:38 | Build | Farm |
| 16:59 | queue | Villager (Male) |
| 17:19 | Build | Watch Tower |
| 17:46 | queue | Villager (Male) |
| 17:50 | Build | Farm |
| 17:58 | queue | Archer |
| 18:05 | Build | Blacksmith |
| 18:16 | Build | Watch Tower |
| 18:18 | Build | House |
| 18:20 | Build | House |
| 18:22 | Build | House |
| 18:53 | Build | Watch Tower |
| 18:58 | queue | Villager (Male) |
| 19:07 | Build | Lumber Camp |
| 19:10 | queue | Villager (Male) |
| 19:16 | Research | Gold Mining |
| 19:28 | queue | Villager (Male) |
| 20:03 | Build | Palisade Wall |
| 20:04 | Build | Palisade Wall |
| 20:07 | queue | Villager (Male) |
| 20:26 | Build | Farm |
| 20:29 | Build | Farm |
| 20:34 | Build | Mill |
| 20:41 | queue | Villager (Male) |
| 21:05 | Build | House |
| 21:07 | Build | House |
| 21:08 | queue | Villager (Male) |
| 21:08 | queue | Villager (Male) |
| 22:20 | Research | Castle Age |
| 22:42 | Build | Lumber Camp |
| 23:52 | Build | Farm |
| 24:17 | queue | Villager (Male) |
| 24:59 | Age | Castle Age |
| 25:11 | queue | Unit 2703 |
| 25:15 | Build | Siege Workshop |
| 25:17 | queue | Unit 2703 |
| 25:18 | queue | Unit 2703 |
| 25:18 | queue | Villager (Male) |
| 25:44 | Build | Market |
| 25:45 | queue | Mangonel |
| 25:55 | queue | Villager (Male) |
| 26:18 | queue | Mangonel |
| 26:21 | queue | Unit 2703 |
| 26:43 | queue | Mangonel |
| 26:44 | queue | Villager (Male) |
| 27:09 | queue | Militia |
| 27:28 | Build | Barracks |
| 27:32 | queue | Villager (Male) |
| 27:44 | queue | Villager (Male) |
| 27:56 | queue | Unit 2703 |
| 27:57 | queue | Unit 2703 |
| 28:00 | Build | House |
| 28:16 | queue | Battering Ram |
| 28:22 | queue | Unit 2703 |
| 28:22 | queue | Unit 2703 |
| 28:37 | queue | Unit 2703 |
| 28:56 | queue | Villager (Male) |
| 29:19 | queue | Villager (Male) |
| 29:57 | queue | Unit 2703 |
Build order — PoopMaster
92 actions detected in the replay
| 0:02 | queue | Villager (Male) |
| 0:02 | queue | Villager (Male) |
| 0:04 | Build | House |
| 0:05 | Build | House |
| 0:07 | Build | House |
| 0:09 | Build | House |
| 0:54 | queue | Villager (Male) |
| 0:54 | queue | Villager (Male) |
| 1:45 | queue | Villager (Male) |
| 2:16 | Research | Loom |
| 2:18 | queue | Villager (Male) |
| 2:45 | queue | Villager (Male) |
| 3:07 | queue | Villager (Male) |
| 3:25 | queue | Villager (Male) |
| 3:52 | queue | Villager (Male) |
| 4:40 | queue | Villager (Male) |
| 4:46 | queue | Villager (Male) |
| 5:20 | Build | Mill |
| 5:26 | queue | Villager (Male) |
| 5:50 | queue | Villager (Male) |
| 6:29 | queue | Villager (Male) |
| 6:39 | queue | Villager (Male) |
| 7:25 | queue | Villager (Male) |
| 7:53 | queue | Villager (Male) |
| 8:26 | Build | Town Center |
| 8:47 | Build | Mule Cart |
| 9:21 | queue | Villager (Male) |
| 9:21 | queue | Villager (Male) |
| 9:22 | queue | Villager (Male) |
| 10:13 | Build | House |
| 10:18 | queue | Villager (Male) |
| 11:03 | queue | Villager (Male) |
| 11:16 | queue | Villager (Male) |
| 14:23 | Build | Town Center |
| 14:35 | Build | Palisade Gate |
| 14:42 | Build | Palisade Wall |
| 14:43 | Build | Palisade Wall |
| 14:45 | Build | Palisade Wall |
| 14:48 | Build | Palisade Wall |
| 14:52 | Build | Palisade Wall |
| 15:42 | queue | Villager (Male) |
| 15:42 | queue | Villager (Male) |
| 15:43 | queue | Villager (Male) |
| 15:43 | queue | Villager (Male) |
| 15:51 | queue | Villager (Male) |
| 16:29 | Build | House |
| 16:31 | Build | House |
| 18:21 | queue | Villager (Male) |
| 18:34 | Build | Town Center |
| 19:14 | queue | Villager (Male) |
| 19:14 | queue | Villager (Male) |
| 19:40 | queue | Villager (Male) |
| 19:41 | queue | Villager (Male) |
| 20:07 | Build | Mill |
| 20:25 | queue | Villager (Male) |
| 20:26 | queue | Villager (Male) |
| 20:54 | queue | Villager (Male) |
| 21:35 | Build | Town Center |
| 22:18 | queue | Villager (Male) |
| 22:19 | queue | Villager (Male) |
| 22:19 | queue | Villager (Male) |
| 22:20 | queue | Villager (Male) |
| 22:44 | queue | Villager (Male) |
| 22:55 | Build | House |
| 22:57 | Build | House |
| 23:55 | queue | Villager (Male) |
| 24:27 | Build | Mill |
| 24:36 | queue | Villager (Male) |
| 25:05 | queue | Villager (Male) |
| 25:05 | queue | Villager (Male) |
| 25:35 | queue | Villager (Male) |
| 25:48 | Build | House |
| 25:49 | Build | House |
| 26:22 | queue | Villager (Male) |
| 26:23 | queue | Villager (Male) |
| 26:23 | queue | Villager (Male) |
| 26:23 | queue | Villager (Male) |
| 26:35 | queue | Villager (Male) |
| 27:19 | queue | Villager (Male) |
| 27:41 | queue | Villager (Male) |
| 27:42 | queue | Villager (Male) |
| 28:11 | queue | Villager (Male) |
| 28:11 | queue | Villager (Male) |
| 28:12 | queue | Villager (Male) |
| 28:28 | queue | Villager (Male) |
| 28:29 | queue | Villager (Male) |
| 28:29 | queue | Villager (Male) |
| 28:43 | queue | Villager (Male) |
| 28:54 | Research | Feudal Age |
| 29:31 | queue | Villager (Male) |
| 29:31 | queue | Villager (Male) |
| 29:32 | queue | Villager (Male) |
Match timeline
| 3:26 | leonardoandrade534312 · wall_segment Palisade Wall x1 |
| 7:20 | leonardoandrade534312 · first_building Barracks |
| 8:25 | leonardoandrade534312 · wall_segment Palisade Wall x2 |
| 8:28 | leonardoandrade534312 · wall_segment Palisade Wall x16 |
| 9:30 | leonardoandrade534312 · age_up feudal |
| 9:34 | leonardoandrade534312 · first_building Archery Range |
| 9:48 | leonardoandrade534312 · wall_segment Palisade Wall x1 |
| 9:49 | leonardoandrade534312 · wall_segment Palisade Wall x1 |
| 9:51 | leonardoandrade534312 · wall_segment Palisade Wall x1 |
| 9:52 | leonardoandrade534312 · wall_segment Palisade Wall x2 |
| 9:56 | leonardoandrade534312 · wall_segment Palisade Wall x1 |
| 9:58 | leonardoandrade534312 · wall_segment Palisade Wall x1 |
| 11:50 | leonardoandrade534312 · wall_segment Palisade Wall x1 |
| 11:51 | leonardoandrade534312 · wall_segment Palisade Wall x1 |
| 12:35 | leonardoandrade534312 · wall_segment Palisade Wall x1 |
| 12:36 | leonardoandrade534312 · wall_segment Palisade Wall x1 |
| 12:54 | leonardoandrade534312 · first_market_sell 100 wood |
| 14:42 | PoopMaster · wall_segment Palisade Wall x1 |
| 14:43 | PoopMaster · wall_segment Palisade Wall x1 |
| 14:45 | PoopMaster · wall_segment Palisade Wall x1 |
| 14:48 | PoopMaster · wall_segment Palisade Wall x1 |
| 14:52 | PoopMaster · wall_segment Palisade Wall x1 |
| 20:03 | leonardoandrade534312 · wall_segment Palisade Wall x1 |
| 20:04 | leonardoandrade534312 · wall_segment Palisade Wall x1 |
| 20:21 | leonardoandrade534312 · first_market_buy 100 food |
| 24:59 | leonardoandrade534312 · age_up castle |
| 25:15 | leonardoandrade534312 · first_building Siege Workshop |
| 29:58 | PoopMaster · resign |
[ AI ANALYSIS · 1 CREDIT ]
What really happened in this match?
Wolo.gg analyzes every decision: build order, eco, micro, common mistakes by bracket. Personalized analysis on WhatsApp or Discord in 30 seconds.
Civ guide
Byzantines
Perfil
Jugador #15046688